Description

Proxy Barracks (on large maps send SCV from start. Otherwise send first built SCV. Build Barracks on their side of the map, double gas, immediately build reactor on B, and Factory. Swap factory on to Reactor and build tech lab with barracks. Nothing but cyclone marauder all-in.

Replay - Seeds of Aiur (TvA) Cyclone Marauder Proxy

Build Order

Get SALT Encoding   

  12  0:05  SCV  
  13  0:17  SCV  
  13  0:21  Supply Depot  
  14  0:29  SCV  
  14  0:31  Refinery  
  16  0:42  SCV  
  16  0:50  Barracks  
  16  0:57  Refinery  
  16  1:01  SCV  
  17  1:13  SCV  
  18  1:25  SCV  
  19  1:33  Supply Depot  
  19  1:37  Factory  
  19  1:41  Barracks Reactor  
  19  1:47  SCV  
  20  1:59  SCV  
  21  2:13  SCV  
  22  2:16  Supply Depot  
  22  2:26  Cyclone, Barracks Tech Lab  
  25  2:33  Cyclone  
  29  2:45  Marauder  
  29  2:48  Concussive Shells  
  31  3:03  Cyclone  
  34  3:12  Marauder  
  36  3:20  Cyclone  
  39  3:39  Cyclone  
  39  3:41  Marauder  
  30  4:18  Cyclone x2  
  30  4:20  Marauder  
  36  4:42  Marauder  
  38  4:58  Cyclone  
  38  5:04  Cyclone  
  39  5:12  Marauder  
  38  5:23  Orbital Command  
  38  5:26  Supply Depot  
  36  5:41  Cyclone  
  47  6:38  Supply Depot  
Spawning Tool Build Advisor. Get it on Overwolf

Go to:

Details

  • Created by: silverhorn  
  • Published on: Aug 14, 2018
  • Modified on: Aug 14, 2018
  • Patch: 4.0.0
Show
View Real Time Build Order
Export as new Build Order

Comments (0)

There are no comments. Be the first!

Create an account to comment!